 Dungeon Crawl Stone Soup version 0.20.2-3-g29329e0561 (webtiles) character file.

576 Alfie the Slasher (level 7, -11/61 HPs)
             Began as a Minotaur Fighter on Oct 30, 2020.
             Mangled by an ogre
             ... wielding a +0 giant spiked club
              (25 damage)
             ... on level 4 of the Dungeon.
             The game lasted 00:07:15 (2886 turns).

Alfie the Slasher (Minotaur Fighter)                Turns: 2886, Time: 00:07:16

Health: -11/61     AC:  7    Str: 22    XL:     7   Next: 13%
Magic:  6/6        EV:  8    Int:  5    God:
Gold:   132        SH: 10    Dex: 10    Spells: 6/6 levels left

rFire    . . .     SeeInvis .   a - +1 long sword
rCold    . . .     Gourm    .   c - +0 shield
rNeg     . . .     Faith    .   b - +0 scale mail
rPois    .         Spirit   .   (helmet restricted)
rElec    .         Reflect  .   (no cloak)
rCorr    .         Harm     .   (no gloves)
MR       .....                  (no boots)
Stlth    ..........             (no amulet)
Regen    0.2/turn               (no ring)
MPRegen  0.1/turn               (no ring)

@: no status effects
A: retaliatory headbutt, horns 2
a: no special abilities


You were on level 4 of the Dungeon.
You were not hungry.

You visited 1 branch of the dungeon, and saw 4 of its levels.
You also visited: Ossuary.

You collected 132 gold pieces.

Inventory:

Hand Weapons
 a - a +1 long sword (weapon)
Armour
 b - a +0 scale mail (worn)
 c - a +0 shield (worn)
Jewellery
 m - an uncursed amulet of regeneration {unknown}
Wands
 p - a wand of paralysis (11/24)
Scrolls
 f - 3 scrolls of identify
 j - a scroll of remove curse
 n - 3 scrolls of teleportation
 o - 4 scrolls of amnesia {unknown}
 q - a scroll of enchant weapon
 s - 3 scrolls of blinking
 t - a scroll of magic mapping {unknown}
 u - a scroll of immolation {unknown}
Potions
 d - 2 potions of might
 e - a potion of ambrosia {unknown}
 g - a potion of resistance {unknown}
 h - 6 potions of curing
 i - 3 potions of haste {unknown}
 k - a potion of berserk rage {unknown}
 l - 3 potions of heal wounds {unknown}
 r - a potion of lignification {unknown}
 v - a potion of flight {unknown}


   Skills:
 + Level 5.0 Fighting
 + Level 6.4 Long Blades
 + Level 5.3 Armour
 + Level 1.3 Dodging
 + Level 0.3 Stealth
 + Level 5.2 Shields


You had 6 spell levels left.
You didn't know any spells.

Dungeon Overview and Level Annotations

Branches:
Dungeon (4/15)
 Temple: D:4-7

Altars:
Qazlal


Innate Abilities, Weirdness & Mutations

You reflexively headbutt those who attack you in melee.
You have a pair of horns on your head.


Message History

A giant cockroach comes into view.
You barely miss the ogre. Your headbutt misses the ogre.
You block the ogre's attack.
You hit the ogre but do no damage.
The ogre hits you with a giant spiked club.
Your shield and scale mail prevent you from hitting the ogre.
The ogre hits you with a giant spiked club!
* * * LOW HITPOINT WARNING * * *
You slash the ogre!
The ogre is moderately wounded.
The giant cockroach barely misses you. You block the giant cockroach's attack.
You block the ogre's attack.
You slash the ogre!
The ogre is almost dead.
The giant cockroach bites you but does no damage.
You hit the ogre.
The ogre is almost dead.
The giant cockroach bites you but does no damage.
The ogre hits you with a giant spiked club!!
You die...

#. #.. #. ... #s ..
###. #. #.#....S #.
##.#.#.# #.
#......###
#.######.........
#..s@O..........
########.....###
.............#
########.....#
##.#..# #†#..#
###########.#..#####
#....................
#.#########.#####....


You could see an ogre and a giant cockroach.

Vanquished Creatures
  A wraith (Ossuary)
  The ghost of Alfie the Slasher, an amateur MiFi (D:3)
  A gnoll shaman (D:4)
  An orc wizard (D:3)
  3 mummies (Ossuary)
  5 gnolls (D:4)
  2 adders
  A worm (D:4)
  5 dart slugs
  2 leopard geckos
  8 orcs
  A ball python (D:3)
  3 giant cockroaches
  2 gnoll zombies (Ossuary)
  10 hobgoblins
  6 jackals
  A quokka (D:2)
  4 bats
  5 frilled lizards
  6 goblins
  4 goblin zombies (Ossuary)
  A hobgoblin zombie (Ossuary)
  8 kobolds
  2 kobold zombies (Ossuary)
  11 rats
94 creatures vanquished.

Vanquished Creatures (others)
  An orc wizard (D:3)
1 creature vanquished.

Grand Total: 95 creatures vanquished

Notes
Turn   | Place    | Note
-------+----------+-------------------------------------------
     0 | D:1      | Alfie the Minotaur Fighter began the quest for the Orb.
     0 | D:1      | Reached XP level 1. HP: 19/19 MP: 0/0
   223 | D:1      | Reached XP level 2. HP: 27/27 MP: 1/1
   809 | D:2      | Reached XP level 3. HP: 33/33 MP: 2/2
   817 | D:2      | Found a stormy altar of Qazlal.
   839 | D:2      | Reached skill level 3 in Long Blades
  1793 | D:3      | Reached XP level 4. HP: 12/40 MP: 3/3
  1908 | D:3      | Reached skill level 4 in Long Blades
  2004 | D:3      | Noticed Alfie's ghost (amateur MiFi)
  2019 | D:3      | HP: 1/40 [Alfie's ghost (2)]
  2021 | D:3      | Killed Alfie's ghost
  2021 | D:3      | Reached skill level 5 in Long Blades
  2021 | D:3      | Reached skill level 1 in Dodging
  2021 | D:3      | Reached XP level 5. HP: 2/47 MP: 4/4
  2230 | D:3      | Reached XP level 6. HP: 39/53 MP: 5/5
  2277 | D:4      | Reached skill level 5 in Shields
  2309 | D:4      | Found a sand-covered staircase.
  2316 | Ossuary  | Entered an ossuary
  2316 | Ossuary  | Noticed a wraith
  2316 | Ossuary  | Noticed a wraith
  2316 | Ossuary  | Noticed a wraith
  2509 | Ossuary  | Reached skill level 5 in Armour
  2528 | Ossuary  | Noticed a wraith
  2540 | Ossuary  | Killed a wraith
  2540 | Ossuary  | Reached skill level 6 in Long Blades
  2771 | D:4      | Reached XP level 7. HP: 26/60 MP: 6/6
  2773 | D:4      | Reached skill level 5 in Fighting
  2804 | D:4      | HP: 2/61 [orc priest/divine providence (16)]
  2886 | D:4      | Mangled by an ogre

Skill      XL: |  1  2  3  4  5  6  7 |
---------------+----------------------+-----
Shields        | 4 5 |  5.2
Armour         | 4 5 |  5.3
Long Blades    | 3 5 6 |  6.4
Fighting       | 4 5 |  5.0
Dodging        | 1 |  1.3
Stealth        | |  0.3

Action                   |  1- 3 |  4- 6 |  7- 9 || total
-------------------------+-------+-------+-------++-------
Melee: Long sword        |   114 |   110 |    15 ||   239
       Headbutt          |    19 |    28 |     4 ||    51
  Use: Scroll            |     6 |       |     1 ||     7
       Potion            |       |     2 |     1 ||     3
  Eat: Bread ration      |     1 |     1 |       ||     2
Armor: Scale mail        |    52 |    36 |     3 ||    91
Dodge: Dodged            |    35 |    25 |     8 ||    68
Block: Shield            |    58 |    56 |     7 ||   121
       Rpst.: Long sword |    10 |     8 |     2 ||    20
